 Dungeon Crawl Stone Soup version 0.20.1-1-g8b1a95d66d (webtiles) character file.

91 Ivernyr the Shooter (level 4, 21/37 HPs)
             Began as a Centaur Hunter on Nov 18, 2017.
             Quit the game on level 3 of the Dungeon.
             The game lasted 00:05:03 (2660 turns).

Ivernyr the Shooter (Centaur Hunter)                Turns: 2660, Time: 00:05:03

Health: 21/37      AC:  5    Str: 14    XL:     4   Next: 33%
Magic:  4/4        EV:  9    Int: 11    God:
Gold:   83         SH:  0    Dex: 10    Spells: 3/3 levels left

rFire    . . .     SeeInvis .   a - +1 shortbow
rCold    . . .     Gourm    .   (shield currently unavailable)
rNeg     . . .     Faith    .   c - +0 leather armour
rPois    .         Spirit   .   (no helmet)
rElec    .         Reflect  .   l - +0 cloak
rCorr    .         Harm     .   (no gloves)
MR       .....                  (no barding)
Stlth    +.........             (no amulet)
Regen    0.2/turn               (no ring)
MPRegen  0.1/turn               (no ring)

@: very quick
A: hooves 3, deformed body, speed 2, tough skin 3
a: no special abilities


You were on level 3 of the Dungeon.
You were not hungry.

You visited 1 branch of the dungeon, and saw 3 of its levels.

You collected 83 gold pieces.

Inventory:

Hand Weapons
 a - a +1 shortbow (weapon)
Missiles
 d - 17 arrows (quivered)
Armour
 c - a +0 leather armour (worn)
 l - a +0 cloak (worn)
Scrolls
 e - 5 scrolls of identify {unknown}
 h - a scroll of teleportation {unknown}
 i - 2 scrolls of recharging {unknown}
 j - a scroll of random uselessness {unknown}
 k - 4 scrolls of remove curse {unknown}
 n - a scroll of fog {unknown}
 o - 2 scrolls of enchant weapon {unknown}
 q - 2 scrolls of immolation {unknown}
 s - a scroll of magic mapping {unknown}
Potions
 b - a potion of heal wounds {unknown}
 m - a potion of curing {unknown}
 p - a potion of lignification {unknown}
Comestibles
 f - 2 bread rations
 g - 4 fruits
 r - a chunk of flesh
 t - a meat ration


   Skills:
 + Level 2.7 Fighting
 * Level 6.8 Bows
 - Level 1.3 Dodging
 - Level 0.4 Stealth
 + Level 1.6 Unarmed Combat


You had 3 spell levels left.
You didn't know any spells.

Dungeon Overview and Level Annotations

Branches:
Dungeon (3/15)

Altars:
Yredelemnul


Innate Abilities, Weirdness & Mutations

You have hooves in place of feet.
Armour fits poorly on your strangely shaped body.
You cover ground very quickly.
You have extremely tough skin. (AC +3)


Message History

You shoot an arrow. The arrow hits the gnoll.
You kill the gnoll!
Firing (i - inventory):
d - 20 arrows (quivered)
Press: ? - help, Shift-Dir - straight line, f - gnoll
Aim: a gnoll (moderately wounded)
You shoot an arrow. The arrow hits the gnoll.
The gnoll is moderately wounded.
Firing (i - inventory):
d - 19 arrows (quivered)
Press: ? - help, Shift-Dir - straight line, f/p - gnoll
Aim: a gnoll (moderately wounded)
You shoot an arrow. The arrow hits the gnoll.
The gnoll is almost dead.
Firing (i - inventory):
d - 18 arrows (quivered)
Press: ? - help, Shift-Dir - straight line, f/p - gnoll
Aim: a gnoll (almost dead)
You shoot an arrow. The arrow hits the gnoll!
You kill the gnoll!
Are you sure you want to abandon this character and quit the game? (Confirm with "yes".)
Okay, then.
Are you sure you want to abandon this character and quit the game? (Confirm with "yes".)

.# ##(.#.###'##(....# .#
#..#.##...#.(...# .#
#..#.##...#.....# .#
#g.#.##...#.(...# .#
#gg#.##...#.(...# .#
#..#.##...#.)...#
.####..#.###+###(####
g'g............#(#
.####..#.###.#.#@#######
.#
#.........#+#รท......+
.# #....##..........####
## #................#
#......).........#
#................#
#....##..........#
#....##..........#
#######..........#


There were no monsters in sight!

Vanquished Creatures
  3 gnolls (D:3)
  A worm (D:2)
  A dart slug (D:1)
  3 leopard geckos
  10 bats
  A giant cockroach (D:1)
  7 goblins
  4 hobgoblins
  4 jackals (D:3)
  2 quokkas
  A ball python (D:1)
  4 frilled lizards
  5 kobolds
  10 rats
56 creatures vanquished.

Notes
Turn   | Place    | Note
-------+----------+-------------------------------------------
     0 | D:1      | Ivernyr the Centaur Hunter began the quest for the Orb.
     0 | D:1      | Reached XP level 1. HP: 17/17 MP: 1/1
   194 | D:1      | Reached XP level 2. HP: 17/24 MP: 2/2
   655 | D:1      | Reached skill level 1 in Unarmed Combat
  1032 | D:1      | Reached skill level 6 in Bows
  1035 | D:1      | Reached XP level 3. HP: 26/30 MP: 3/3
  1619 | D:2      | Found a basalt altar of Yredelemnul.
  2650 | D:3      | Reached XP level 4. HP: 20/37 MP: 4/4
  2660 | D:3      | Quit the game

Skill      XL: |  1  2 |
---------------+-------+-----
Unarmed Combat | 1 |  1.6
Bows           | 6 |  6.8
Fighting       | |  2.7
Dodging        | |  1.3
Stealth        | |  0.4

Action                   |  1- 3 |  4- 6 || total
-------------------------+-------+-------++-------
Melee: Unarmed           |   197 |       ||   197
       Kick              |    37 |       ||    37
 Fire: Shortbow          |    16 |     6 ||    22
  Eat: Chunk             |     4 |       ||     4
Armor: Leather armour    |    89 |       ||    89
Dodge: Dodged            |    93 |       ||    93
